 Dungeon Crawl Stone Soup version 0.25-a0-504-g768f60da87 (webtiles) character file.

Game seed: 8823674790259257827, levelgen mode: deterministic

8 Forecaster the Sneak (level 2, 0/22 HPs)
             Began as a Naga Enchanter on Feb 14, 2020.
             Slain by a leopard gecko (2 damage)
             ... on level 1 of the Dungeon.
             The game lasted 00:05:17 (837 turns).

Forecaster the Sneak (Naga Enchanter)                Turns: 837, Time: 00:05:18

Health: 0/22       AC:  1    Str: 10    XL:     2   Next: 8%
Magic:  5/5        EV: 10    Int: 15    God:
Gold:   55         SH:  0    Dex: 11    Spells: 4/5 levels left

rFire    . . .     SeeInvis +   a - +1 dagger
rCold    . . .     Gourm    .   (no shield)
rNeg     . . .     Faith    .   b - +0 robe
rPois    +         Spirit   .   (no helmet)
rElec    .         Reflect  .   (no cloak)
rCorr    .         Harm     .   (no gloves)
MR       .....                  (no barding)
Stlth    +++.......             (no amulet)
HPRegen  0.07/turn              (no ring)
MPRegen  0.09/turn              (no ring)

@: very slow
A: large, see invisible, deformed body, poison resistance, slowness 2, slow
metabolism 1, spit poison 1, AC +0
a: Spit Poison


You were on level 1 of the Dungeon.
You were not hungry.

You visited 1 branch of the dungeon, and saw 1 of its levels.

You collected 55 gold pieces.

Inventory:

Hand Weapons
 a - a +1 dagger (weapon)
 c - a +0 whip
Missiles
 g - 5 stones (quivered)
 j - 8 boomerangs
Armour
 b - a +0 robe (worn)
Scrolls
 e - 3 scrolls of immolation {unknown}
 h - a scroll of amnesia {unknown}
 i - a scroll of identify {unknown}
Potions
 f - a potion of curing {unknown}
 k - a potion of heal wounds {unknown}
Comestibles
 d - 3 rations
 l - a chunk of flesh


   Skills:
 + Level 0.2 Fighting
 + Level 1.1 Short Blades
 + Level 1.5 Dodging
 + Level 4.7 Stealth
 + Level 2.1 Spellcasting
 + Level 3.1 Hexes


You had 4 spell levels left.
You knew the following spells:

 Your Spells              Type           Power        Failure   Level  Hunger
a - Corona                Hex            ##.....      6%          1    #......

Your spell library contained the following spells:

 Spells                   Type           Power        Failure   Level  Hunger
 Ensorcelled Hibernation  Hex/Ice        #.....       17%         2    ###....
 Confusing Touch          Hex            ##......     19%         3    ###....
 Tukima's Dance           Hex            ##......     19%         3    ###....
 Dazzling Flash           Conj/Hex       #.....       34%         3    ###....


Dungeon Overview and Level Annotations

Branches:
Dungeon (1/15)

Altars:


Innate Abilities, Weirdness & Mutations

You cannot wear boots.
Your serpentine skin is tough. (AC +0)
You have supernaturally acute eyesight. (SInv)
Armour fits poorly on your strangely shaped body.
Your system is resistant to poisons. (rPois)
You cover ground very slowly.
You have a slow metabolism.
You can spit poison.


Message History

You barely miss the goblin.
The goblin is heavily wounded.
The goblin hits you but does no damage. The frilled lizard barely misses you.
You barely miss the goblin.
The goblin is heavily wounded.
The goblin barely misses you. The frilled lizard bites you.
You barely miss the goblin.
The goblin is heavily wounded.
The goblin closely misses you. The frilled lizard bites you.
* * * LOW HITPOINT WARNING * * *
The goblin hits you.
* * * LOW HITPOINT WARNING * * *
The leopard gecko closely misses you. The goblin barely misses you.
The goblin stops glowing.
The leopard gecko closely misses you. The goblin hits you.
* * * LOW HITPOINT WARNING * * *
The leopard gecko barely misses you. The frilled lizard misses you.
The leopard gecko bites you.
You die...

#...................#
#.#################.# #.#
#.# #.############ #.#
#.##.........# #.#
##'##.........# #.######
#.............# #.......
#........g....# #.......
#....รท...l@...######.......
+........l..........>######
#.....##############'######
+...... #.....>..# #...####
.. #........# #g..# ..
#........# ..... #.
#........# .?... #.##
#........# ..# ###.######


You could see a leopard gecko, a goblin and a frilled lizard.

Vanquished Creatures
  A hobgoblin (D:1)
  3 bats (D:1)
  A goblin (D:1)
  A kobold (D:1)
  4 rats (D:1)
10 creatures vanquished.

Notes
Turn   | Place    | Note
-------+----------+-------------------------------------------
     0 | D:1      | Forecaster the Naga Enchanter began the quest for the Orb.
     0 | D:1      | Reached XP level 1. HP: 15/15 MP: 3/3
   438 | D:1      | Reached XP level 2. HP: 22/22 MP: 5/5
   837 | D:1      | Slain by a leopard gecko

Levels and vault maps discovered:
D:1:      lightli_molten_gateway, layout_basic, minmay_close_crescents

Action                   || total
-------------------------++-------
Melee: Dagger            ||    42
 Cast: Corona            ||     7
 Stab: Sleeping          ||     4
Armor: Robe              ||    15
Dodge: Dodged            ||    36

Table legend:
 A = Non-vault XP
 B = Vault XP
 C = Vault XP percentage of total XP
 D = Non-vault monster count
 E = Vault monster count
 F = Vault count percentage of total count
                 A         B        C        D         E       F
            +---------+---------+-------+---------+---------+-------
      Total |      12 |       0 |   0.0 |      10 |       0 |   0.0
            +---------+---------+-------+---------+---------+-------
        D:1 |      12 |       0 |   0.0 |      10 |       0 |   0.0
            +---------+---------+-------+---------+---------+-------
